 Dungeon Crawl Stone Soup version 0.24.0-28-g17ded55e90 (webtiles) character file.

Game seed: 10567213588025126898, levelgen mode: deterministic

126 Delamore the Chopper (level 5, -2/45 HPs)
             Began as a Hill Orc Fighter on Nov 12, 2019.
             Killed by divine providence
             ... invoked by an orc priest
              (16 damage)
             ... on level 3 of the Dungeon.
             The game lasted 00:02:24 (1335 turns).

Delamore the Chopper (Hill Orc Fighter)             Turns: 1335, Time: 00:02:24

Health: -2/45      AC:  8    Str: 20    XL:     5   Next: 9%
Magic:  5/5        EV:  8    Int:  8    God:
Gold:   128        SH:  9    Dex: 10    Spells: 4/4 levels left

rFire    . . .     SeeInvis .   a - +0 war axe
rCold    . . .     Gourm    .   c - +0 shield
rNeg     + . .     Faith    .   b - +0 scale mail
rPois    .         Spirit   .   q - +0 helmet
rElec    .         Reflect  .   (no cloak)
rCorr    .         Harm     .   (no gloves)
MR       .....                  (no boots)
Stlth    ..........             (no amulet)
HPRegen  0.15/turn              j - ring of positive energy
MPRegen  0.09/turn              n - +1 ring of evasion

@: lethally poisoned (-2 -> -3)
A: no striking features
a: Convert to Beogh


You were on level 3 of the Dungeon.
You were hungry.

You visited 1 branch of the dungeon, and saw 3 of its levels.

You collected 128 gold pieces.

Inventory:

Hand Weapons
 a - a +0 war axe (weapon)
Missiles
 h - 15 poisoned darts (quivered)
Armour
 b - a +0 scale mail (worn)
 c - a +0 shield (worn)
 q - a +0 helmet (worn)
 v - a +0 hat
Jewellery
 j - a ring of positive energy (left hand)
 n - a +1 ring of evasion (right hand)
Scrolls
 g - a scroll of fear {unknown}
 k - 6 scrolls of identify {unknown}
 m - a scroll of enchant weapon {unknown}
 o - a scroll of remove curse {unknown}
 r - 2 scrolls of teleportation {unknown}
 s - a scroll of magic mapping {unknown}
 u - a scroll of amnesia {unknown}
Potions
 d - a potion of might
 e - 2 potions of heal wounds {unknown}
 i - a potion of agility {unknown}
 l - a potion of lignification {unknown}
 p - 2 potions of curing {unknown}
 t - a potion of berserk rage {unknown}
 w - a potion of flight {unknown}
Comestibles
 f - 7 rations


   Skills:
 - Level 3.6 Fighting
 + Level 6.8 Axes
 - Level 3.2 Armour
 - Level 3.2 Shields


You had 4 spell levels left.
You didn't know any spells.
Your spell library was empty.

Dungeon Overview and Level Annotations

Branches:
Dungeon (3/15)

Altars:
Nemelex Xobeh
Zin


Message History

You are too injured to fight recklessly!
You are too injured to fight recklessly!
You are too injured to fight recklessly!
You are too injured to fight recklessly!
You are too injured to fight recklessly!
You are too injured to fight recklessly!
Unknown command.
You block the orc priest's attack.
Items here: ( ))))) ††††† You slash the orc priest!
The orc priest is heavily wounded.
You feel sick. The orc priest completely misses you.
You closely miss the orc priest.
The orc priest is heavily wounded.
The orc priest closely misses you.
Your scale mail prevents you from hitting the orc priest.
The orc priest is heavily wounded.
The orc priest mumbles some strange prayers to Beogh against you.
Beogh smites you!
You die...

###.#..##
#)....#
###..(# .
##..## ..
#...# ...
#...## ....
###..# .....
##(###w.....
#..@ob.....
#######....
#


You could see a worm, an orc priest and a bat.

Vanquished Creatures
  Terence (D:2)
  2 adders (D:3)
  An ooze (D:1)
  2 worms (D:2)
  5 dart slugs
  A leopard gecko (D:1)
  3 orcs (D:3)
  2 ball pythons
  4 giant cockroaches (D:2)
  8 goblins
  2 hobgoblins (D:2)
  8 kobolds
  A quokka (D:3)
  4 bats
  8 frilled lizards
  8 rats
60 creatures vanquished.

Notes
Turn   | Place    | Note
-------+----------+-------------------------------------------
     0 | D:1      | Delamore the Hill Orc Fighter began the quest for the Orb.
     0 | D:1      | Reached XP level 1. HP: 19/19 MP: 1/1
    36 | D:1      | Reached skill level 3 in Axes
    36 | D:1      | Reached XP level 2. HP: 26/26 MP: 2/2
   147 | D:1      | Reached skill level 4 in Axes
   282 | D:1      | Reached XP level 3. HP: 29/31 MP: 3/3
   394 | D:2      | Noticed Terence
   412 | D:2      | Killed Terence
   412 | D:2      | Reached skill level 5 in Axes
   579 | D:2      | Reached XP level 4. HP: 39/39 MP: 4/4
   802 | D:2      | Found a glowing silver altar of Zin.
   864 | D:2      | Reached skill level 6 in Axes
  1052 | D:2      | Found a sparkling altar of Nemelex Xobeh.
  1327 | D:3      | Reached XP level 5. HP: 32/45 MP: 5/5
  1335 | D:3      | Killed from afar by an orc priest

Levels and vault maps discovered:
D:1:      sevenhm_arrival_forest_fort_small_4, layout_rooms
D:2:      layout_basic, nemelex_altar_shiori, zin_statuary,
          minmay_worlds_worst_comb, uniq_terence
D:3:      layout_rooms, first_ration

Skill      XL: |  1  2  3  4 |
---------------+-------------+-----
Axes           | 3 4 5 6 |  6.8
Fighting       | |  3.6
Armour         | |  3.2
Shields        | |  3.2

Action                   |  1- 3 |  4- 6 || total
-------------------------+-------+-------++-------
Melee: War axe           |    54 |   108 ||   162
  Eat: Chunk             |       |     1 ||     1
Armor: Scale mail        |    16 |    44 ||    60
Dodge: Dodged            |    16 |    29 ||    45
Block: Shield            |    26 |    46 ||    72
